 Dungeon Crawl Stone Soup version 0.26-a0-639-g72c4674329 (webtiles) character file.

Game seed: 13877027709279178899

974 Borgoz the Ruffian (level 8, -7/68 HPs)
             Began as a Ghoul Gladiator on Sept 20, 2020.
             Mangled by an orc warrior
             ... wielding a +0 war axe
              (19 damage)
             ... on level 7 of the Dungeon.
             The game lasted 00:06:51 (5490 turns).

Borgoz the Ruffian (Ghoul Gladiator)                Turns: 5490, Time: 00:06:51

Health: -7/68      AC:  9    Str: 18    XL:     8   Next: 16%
Magic:  7/7        EV: 13    Int:  3    God:
Gold:   299        SH:  0    Dex: 12    Spells: 7/7 levels left

rFire    . . .     SeeInvis .     - Unarmed
rCold    + . .     Faith    .   (no shield)
rNeg     + + +     Spirit   .   t - +0 ring mail
rPois    ∞         Reflect  .   b - +1 helmet
rElec    .         Harm     .   d - +0 cloak (curse)
rCorr    .         Rampage  .   (no gloves)
MR       .....                  (no boots)
Stlth    +.........             k - amulet of the acrobat
HPRegen  0.00/turn              (no ring)
MPRegen  0.10/turn              (no ring)

@: no status effects
A: rotting body, claws 1, cold resistance 1, negative energy resistance 3,
inhibited regeneration, torment resistance, unbreathing
a: no special abilities


You were on level 7 of the Dungeon.
You visited 1 branch of the dungeon, and saw 6 of its levels.

You collected 299 gold pieces.

Inventory:

Armour
 b - a +1 helmet (worn)
 d - a cursed +0 cloak (worn)
 t - a +0 ring mail (worn)
Jewellery
 k - an amulet of the acrobat (around neck)
Scrolls
 e - 3 scrolls of amnesia
 j - 3 scrolls of teleportation
 l - 5 scrolls of identify {unknown}
 m - 2 scrolls of fear {unknown}
 p - 3 scrolls of enchant armour
 q - 2 scrolls of remove curse {unknown}
 s - a scroll of magic mapping {unknown}
Potions
 n - a potion of heal wounds {unknown}
 o - 3 potions of haste {unknown}


   Skills:
 + Level 5.1 Fighting
 - Level 2.8 Throwing
 + Level 4.1 Armour
 + Level 4.6 Dodging
 + Level 5.6 Unarmed Combat


You had 7 spell levels left.
You didn't know any spells.
Your spell library was empty.

Dungeon Overview and Level Annotations

Branches:
Dungeon (5/15)
 Temple: D:4-7

Altars:
Ashenzari
Fedhas
The Shining One

Annotations:
D:4 3 runed translucent doors, Lanoc's ghost, amateur TrDe


Innate Abilities, Weirdness & Mutations

Your body is rotting away.
You thrive by killing the living.
You are immune to poison.
You have sharp fingernails.
Your flesh is cold resistant. (rC+)
You are immune to negative energy. (rN+++)
You do not regenerate when monsters are visible.
You are immune to unholy pain and torment.
You can survive without breathing.


Message History

The throwing net hits the orc.
The orc is caught in the net!
The orc is lightly wounded.
The orc struggles against the net.
Throwing (i - inventory)
c - a throwing net (quivered)
Press: ? - help, Shift-Dir - straight line, f/p - orc warrior
Aim: an orc warrior, wielding a +0 war axe and wearing a +0 chain mail (almost dead)
You throw a throwing net.
The throwing net closely misses the orc warrior.
The throwing net completely misses the wight.
The throwing net hits the orc.
The orc is lightly wounded.
The orc warrior hits you with a +0 war axe!
* * * LOW HITPOINT WARNING * * *
The orc struggles against the net.
You feel better.
The orc struggles against the net.
The orc warrior hits you with a +0 war axe!
* * * LOW HITPOINT WARNING * * *
You feel better.
The orc struggles against the net.
The orc warrior hits you with a +0 war axe!!
You die...

....z ..z
#o#######
#[#.....#.##
#.zz........
#[#o###.#...
#.#z# #
#.#o# #.#@#
#.#=# ..#.#
.##.# #.#
#.# ..# ###


You could see an orc warrior, 3 wights and an orc (caught).

Vanquished Creatures
  Edmund (D:5)
  2 phantoms
  A centaur (D:5)
  2 scorpions (D:4)
  A howler monkey (D:4)
  2 hounds
  An orc priest (D:7)
  3 orc wizards
  5 worker ants
  Robin (D:2)
  4 adders
  A shadow imp (D:5)
  A white imp (D:5)
  An ufetubus (D:5)
  An adder skeleton (D:4)
  3 worms
  A dart slug (D:2)
  A leopard gecko (D:4)
  13 orcs
  6 bats
  2 giant cockroaches
  15 goblins
  8 hobgoblins
  11 jackals
  5 quokkas
  A ball python skeleton (D:4)
  4 frilled lizards
  5 kobolds
  6 rats
108 creatures vanquished.

Vanquished Creatures (others)
  2 orcs (D:4)
  5 toadstools (D:1)
7 creatures vanquished.

Grand Total: 115 creatures vanquished

Notes
Turn   | Place    | Note
-------+----------+-------------------------------------------
     0 | D:1      | Borgoz the Ghoul Gladiator began the quest for the Orb.
     0 | D:1      | Reached XP level 1. HP: 17/17 MP: 0/0
   265 | D:1      | Reached XP level 2. HP: 25/25 MP: 1/1
  1127 | D:2      | Reached XP level 3. HP: 30/30 MP: 2/2
  1354 | D:2      | Noticed Robin
  1385 | D:2      | Killed Robin
  1666 | D:2      | Found a faded altar of an unknown god.
  1722 | D:2      | Reached XP level 4. HP: 37/37 MP: 3/3
  3038 | D:4      | Reached XP level 5. HP: 43/45 MP: 4/4
  3137 | D:4      | Reached skill level 1 in Armour
  3223 | D:4      | Found a glowing golden altar of the Shining One.
  3248 | D:4      | Found a runed translucent gate.
  3248 | D:4      | Found a runed translucent gate.
  3249 | D:4      | Found a runed translucent gate.
  3251 | D:4      | Noticed Lanoc's ghost (amateur TrDe)
  3264 | D:4      | Reached XP level 6. HP: 44/52 MP: 5/5
  3809 | D:4      | Found a blossoming altar of Fedhas.
  3838 | D:5      | Entered Level 5 of the Dungeon
  3838 | D:5      | Noticed Edmund
  3856 | D:5      | Killed Edmund
  3856 | D:5      | Reached XP level 7. HP: 26/59 MP: 6/6
  4149 | D:5      | Reached skill level 5 in Unarmed Combat
  5260 | D:5      | Reached XP level 8. HP: 56/67 MP: 7/7
  5268 | D:5      | Reached skill level 5 in Fighting
  5417 | D:5      | Found a shattered altar of Ashenzari.
  5449 | D:5      | You fall into a shaft and drop 2 floors!
  5488 | D:7      | HP: 1/68 [orc warrior/+0 war axe (7)]
  5490 | D:7      | Mangled by an orc warrior

Illustrated notes

Levels and vault maps discovered:
D:1:      grunt_arrival_lava_bath, layout_basic, minmay_gold_behind_fungi
D:2:      layout_basic, chequers_ecumenical_altar_simple_redux, uniq_robin
D:3:      layout_loops_ring
D:4:      layout_loops_ring, lemuel_doored_altar, gammafunk_ghost_necromancy,
          hangedman_abyss_or_decor_jellyfish_corner,
          nicolae_tso_carved_into_rock
D:5:      layout_layer_cave, cheibrodos_ashenzari_chains, uniq_edmund
D:7:      layout_loops_ring, nemelex_xobeh_ov_fountains_minmay,
          nicolae_qazlal_eye_of_the_storm, kennysheep_mini_moat,
          trog_three_pillars_becter

Skill      XL: |  1  2  3  4  5  6  7  8 |
---------------+-------------------------+-----
Throwing       | 2 |  2.8
Dodging        | 3 4 |  4.6
Fighting       | 3 4 5 |  5.1
Unarmed Combat | 4 5 |  5.6
Armour         | 1 2 4 |  4.1

Action                   |  1- 3 |  4- 6 |  7- 9 || total
-------------------------+-------+-------+-------++-------
Melee: Unarmed           |   104 |   226 |   136 ||   466
       Punch             |     2 |     3 |     4 ||     9
Throw: Throwing net      |       |     3 |     2 ||     5
 Abil: Evoke Flight      |     1 |       |       ||     1
  Use: Potion            |     4 |       |     4 ||     8
       Scroll            |       |     3 |       ||     3
 Stab: Sleeping          |       |     2 |     1 ||     3
       Held in net/web   |       |     1 |       ||     1
Armor: Leather armour    |    51 |    81 |    16 ||   148
       Ring mail         |       |       |    10 ||    10
Dodge: Dodged            |    89 |   128 |    86 ||   303

Table legend: (Time is in decaauts)
 A = Elapsed time spent in this place.
 B = Non-inter-level travel time spent in this place.
 C = Inter-level travel time spent in this place.
 D = Time resting spent in this place.
 E = Time spent auto-exploring this place.
 F = Levels seen in this place.
 G = Mean time per level.
                   A        B        C        D        E       F      G
               +--------+--------+--------+--------+--------+-----+--------+
         Total |   5467 |   5334 |    133 |   1240 |   3174 |   6 |  911.2 |
       Dungeon |   5467 |   5334 |    133 |   1240 |   3174 |   6 |  911.2 |
               +--------+--------+--------+--------+--------+-----+--------+

Top non-repeatable levels by time:
     D:4: 1838 daAuts
     D:2: 1160 daAuts
     D:1: 1035 daAuts
     D:3: 792 daAuts
     D:5: 602 daAuts
     D:7: 38 daAuts
